AoeStats
← frizboum

Arena

512199735Analyzed
4v4 RM · 28d ago on Oct 8, 2026· 54m 24s· 8 players
Game mode
Random Map
Map size
Large (8 player)
Population
200
Speed
Normal
Resources
Standard
Victory
Conquest
Starting age
Dark Age
Ending age
Imperial Age
RankedLock teamsTeams togetherTeam positionsShared explorationLock speedFull tech treeHidden civsTurbo modeCheats
Victory
Defeat
🇩🇪 Teutons · Germany
906
+10
🇩🇪 Wu · Germany
839
+13
🇨🇱 Varangians · Chile
772
+16
🇨🇳 Britons · China
710
+18
vs
🇨🇦 Danes · Canada
795
-15
🇬🇧 Tatars · United Kingdom
792
-15
🇫🇷 Berbers · France
762
-14
🇮🇹 Goths · Italy
730
-13
V snacks
5:20 Loom
11:57 Feudal Age
15:23 Town Watch
16:00 Double-Bit Axe
20:19 Castle Age
18:55 Scale Mail Armor
19:06 Forging
20:51 Wheelbarrow
26:33 Hand Cart
26:12 Horse Collar
26:25 Arson
29:49 Squires
32:46 Heavy Plow
33:20 Bow Saw
33:59 Fletching
34:30 Chain Mail Armor
37:43 Imperial Age
37:18 Iron Casting
38:52 Elite Varangian Guard
41:04 Man-at-Arms
Markus
11:47 Feudal Age
18:26 Castle Age
17:02 Double-Bit Axe
27:47 Wheelbarrow
28:19 Elite Skirmisher
30:37 Padded Archer Armor
30:27 Fletching
50:15 Imperial Age
56:08 Imperial Age
53:38 Town Watch
frizboum
0:47 Loom
10:54 Feudal Age
11:53 Double-Bit Axe
11:53 Horse Collar
12:09 Stone Mining
15:29 Wheelbarrow
20:35 Castle Age
18:39 Gold Mining
19:41 Forging
19:35 Scale Mail Armor
20:41 Fletching
22:25 Caravan
22:58 Coinage
23:26 Bow Saw
25:21 Heavy Plow
28:15 Stone Shaft Mining
32:02 Hand Cart
32:11 Murder Holes
33:09 Ballistics
36:24 Imperial Age
34:01 Padded Archer Armor
33:58 Bodkin Arrow
33:31 Pikeman
34:12 Squires
35:10 Kasbah
36:32 Squires
36:18 Arson
36:53 Leather Archer Armor
37:14 Iron Casting
36:55 Chain Mail Armor
37:41 Banking
37:22 Guilds
37:52 Hoardings
37:27 Bracer
37:06 Capped Ram
37:37 Arrowslits
38:05 Fortified Wall
39:02 Conscription
39:00 Elite Camel Archer
40:01 Conscription
39:44 Maghrebi Camels
40:35 Ring Archer Armor
40:37 Plate Mail Armor
41:30 Blast Furnace
41:33 Crop Rotation
48:51 Heavy Scorpion
matteofalconi1990
10:43 Feudal Age
12:05 Wheelbarrow
11:19 Double-Bit Axe
11:28 Horse Collar
12:03 Gold Mining
16:15 Stone Mining
20:23 Castle Age
21:19 Bow Saw
23:20 Heavy Plow
24:34 Stone Shaft Mining
23:43 Pikeman
24:24 Squires
25:45 Hand Cart
31:44 Imperial Age
32:14 Scale Mail Armor
32:25 Forging
32:57 Conscription
33:46 Guilds
33:37 Caravan
35:16 Two-Man Saw
34:54 Halberdier
36:10 Crop Rotation
36:24 Crop Rotation
36:11 Perfusion
35:35 Man-at-Arms
36:37 Long Swordsman
37:39 Chain Mail Armor
37:59 Iron Casting
37:52 Two-Handed Swordsman
39:14 Iron Casting
39:38 Scale Barding Armor
40:48 Cavalier
41:28 Husbandry
40:48 Cavalier
41:28 Husbandry
43:13 Chain Barding Armor
43:53 Blast Furnace
43:46 Heavy Scorpion
46:32 Light Cavalry
47:22 Bloodlines
CHILEPALESTA
1:30 Loom
10:38 Feudal Age
11:19 Horse Collar
11:30 Double-Bit Axe
11:45 Gold Mining
14:45 Wheelbarrow
20:32 Castle Age
20:03 Bloodlines
20:31 Stone Mining
22:49 Forging
22:47 Scale Barding Armor
22:46 Husbandry
23:08 Fletching
25:56 Iron Casting
25:39 Squires
27:53 Chain Barding Armor
29:01 Bodkin Arrow
29:54 Stone Shaft Mining
30:32 Gambesons
31:49 Scale Mail Armor
31:40 Arson
33:01 Bow Saw
36:05 Imperial Age
35:51 Elite Skirmisher
36:57 Fervor
38:07 Chain Mail Armor
37:19 Pikeman
37:33 Light Cavalry
39:06 Hand Cart
38:38 Town Watch
39:12 Masonry
39:14 Fortified Wall
39:12 Siege Engineers
39:44 Plate Mail Armor
41:31 Architecture
40:56 Heated Shot
40:49 Treadmill Crane
41:31 Ballistics
42:22 Two-Man Saw
43:25 Elite Varangian Guard
45:08 Blast Furnace
44:11 Padded Archer Armor
45:40 Plate Barding Armor
48:07 Man-at-Arms
48:11 Cavalier
51:38 Bracer
52:44 Caravan
Ronk999
5:16 Loom
10:55 Feudal Age
15:15 Castle Age
13:59 Scale Mail Armor
14:15 Double-Bit Axe
14:30 Horse Collar
17:06 Bow Saw
23:04 Wheelbarrow
26:55 Town Watch
27:08 Fletching
27:56 Heavy Plow
28:45 Chain Mail Armor
29:05 Hand Cart
30:38 Forging
33:37 Imperial Age
33:08 Iron Casting
36:14 Crop Rotation
36:46 Two-Man Saw
37:05 Plate Mail Armor
40:30 Blast Furnace
39:25 Gold Mining
39:25 Stone Mining
39:51 Elite Teutonic Knight
42:10 Town Patrol
43:47 Chemistry
43:57 Squires
43:44 Arson
45:24 Scale Barding Armor
Matambo
4:24 Loom
12:18 Feudal Age
14:36 Double-Bit Axe
18:04 Castle Age
18:20 Wheelbarrow
17:51 Padded Archer Armor
17:41 Fletching
19:44 Bow Saw
21:46 Horse Collar
24:43 Bodkin Arrow
26:27 Red Cliffs Tactics
28:22 Leather Archer Armor
30:17 Ballistics
30:09 Masonry
30:19 Hand Cart
30:35 Heavy Plow
37:05 Imperial Age
43:48 Chemistry
42:29 Elite Fire Archer
52:33 Caravan
53:03 Coinage
52:43 Guilds
53:38 Conscription
-300
9:43 Feudal Age
13:45 Double-Bit Axe
18:15 Castle Age
17:29 Stone Mining
17:47 Horse Collar
18:12 Gold Mining
20:46 Bow Saw
24:30 Fletching
24:51 Forging
24:42 Scale Mail Armor
24:43 Padded Archer Armor
27:02 Yeomen
29:03 Bodkin Arrow
29:43 Iron Casting
29:24 Chain Mail Armor
29:09 Padded Archer Armor
30:10 Wheelbarrow
30:25 Wheelbarrow
33:37 Ballistics
35:51 Imperial Age
33:39 Hand Cart
36:50 Gold Shaft Mining
36:37 Leather Archer Armor
36:02 Elite Longbowman
36:11 Elite Longbowman
37:19 Bracer
38:57 Blast Furnace
40:30 Chemistry
40:05 Plate Mail Armor
42:30 Ring Archer Armor
42:27 Conscription
42:29 Warwolf
42:49 Conscription
Connection lost

Rejoining the realm…

Still unreachable

The connection could not be restored.

Session expired

The server has moved on; the page needs a fresh start.